 Dungeon Crawl Stone Soup version 0.20.0-15-g7f486f2 (webtiles) character file.

75 KleinerIrrer the Sneak (level 4, -7/58 HPs)
             Began as a Naga Warper on June 28, 2017.
             Mangled by Robin
             ... wielding a +1 trident of distortion
              (20 damage)
             ... on level 2 of the Dungeon.
             The game lasted 00:08:03 (1748 turns).

KleinerIrrer the Sneak (Naga Warper)                Turns: 1748, Time: 00:08:03

Health: -7/58      AC:  2    Str: 18    XL:     4   Next: 31%
Magic:  16/16      EV: 10    Int: 19    God:
Gold:   93         SH:  0    Dex: 11    Spells: 3/7 levels left

rFire    . . .     SeeInvis +   g - +1 dagger (elec)
rCold    . . .     Gourm    .   (no shield)
rNeg     . . .     Faith    .   p - +0 robe
rPois    +         Spirit   .   (no helmet)
rElec    .         Reflect  +   (no cloak)
rCorr    .         Harm     .   (no gloves)
MR       .....                  (no barding)
Stlth    ..........             e - +4 amulet of reflection
Regen    0.2/turn               q - ring of magical power
MPRegen  0.2/turn               (no ring)

@: confused, brilliant, berserking (expiring), about to teleport, quick
A: see invisible, deformed body, poison resistance, slowness 2, slow metabolism
1, spit poison 1, AC +1
a: Spit Poison


You were on level 2 of the Dungeon.
You were not hungry.

You visited 1 branch of the dungeon, and saw 2 of its levels.

You collected 93 gold pieces.

Inventory:

Hand Weapons
 a - a +0 spear
 g - a +1 dagger of electrocution (weapon)
Missiles
 n - 3 poisoned tomahawks (quivered)
Armour
 b - a +0 leather armour
 p - a +0 robe (worn)
Jewellery
 e - a +4 amulet of reflection (around neck)
 q - a ring of magical power (left hand)
Scrolls
 d - a scroll of blinking
 m - a scroll of remove curse
 o - a scroll of identify {unknown}
Potions
 j - a potion of cancellation {unknown}
 r - a potion of curing {unknown}
Books
 c - a book of Spatial Translocations

   Spells                             Type                      Level
   a - Blink                          Translocation                2
   b - Shroud of Golubria             Charms/Translocation         2
   c - Lesser Beckoning               Translocation                3
   d - Gell's Gravitas                Translocation                3
   e - Teleport Other                 Translocation                3
   f - Passage of Golubria            Translocation                4
Comestibles
 f - a bread ration
 i - 3 meat rations
 s - 4 chunks of flesh


   Skills:
 + Level 2.2 Fighting
 + Level 2.2 Polearms
 - Level 0.8 Throwing
 + Level 1.6 Armour
 + Level 1.9 Dodging
 * Level 3.5 Stealth
 + Level 2.1 Spellcasting
 * Level 3.1 Translocations


You had 3 spell levels left.
You knew the following spells:

 Your Spells              Type           Power        Failure   Level  Hunger
a - Blink                 Tloc           N/A          1%          2    ##.....
b - Shroud of Golubria    Chrm/Tloc      ###.......   1%          2    ##.....


Dungeon Overview and Level Annotations

Branches:
Dungeon (2/15)

Altars:
Hepliaklqana

Annotations:
D:2 Robin


Innate Abilities, Weirdness & Mutations

You cannot wear boots.
Your serpentine skin is tough. (AC +1)
You have supernaturally acute eyesight. (SInv)
Armour fits poorly on your strangely shaped body.
Your system is resistant to poisons. (rPois)
You cover ground very slowly.
You have a slow metabolism.
You can spit poison.


Message History

You closely miss the goblin. The goblin hits you with a dagger.
* * * LOW HITPOINT WARNING * * *
Unknown command.
You bump into the rock wall.
Robin barely misses you.
You bump into the rock wall.
You feel a strong urge to attack something.
The goblin barely misses you. Robin hits you but does no damage.
Space bends around you.
* * * LOW HITPOINT WARNING * * *
You miss the goblin.
The goblin no longer looks unusually strong.
The goblin misses you.
You hit the goblin.
You kill the goblin!
Robin barely misses you.
You bump into the rock wall.
Robin hits you from afar with a trident of distortion!
* * * LOW HITPOINT WARNING * * *
Space warps horribly around you!
You die...

#.....#####................ #
####....................... #####
#..#####................
....#######.....#))..............
#.........#####..g.........>.....
#####.###.######.................
# #.###.##...)..<.............# #
#..##.....#####.....##.....##
######........g.@##.##..########
...##....#######)##.###..###
##.#..#.## #...........##
#(#.##.## ####.....##..##
#....#..#### ####.....###..##
#..#.......####........# ##..#
##...............##.....#####.###
...######....######.........#....
.### ####..### #.....###......


You could see Robin.

Vanquished Creatures
  A gnoll (D:2)
  An adder (D:2)
  An ooze (D:2)
  A worm (D:1)
  A dart slug (D:2)
  2 giant cockroaches
  13 goblins
  6 hobgoblins
  4 jackals (D:1)
  4 kobolds
  2 bats
  2 frilled lizards (D:1)
  5 rats
43 creatures vanquished.

Notes
Turn   | Place    | Note
-------+----------+-------------------------------------------
     0 | D:1      | KleinerIrrer the Naga Warper began the quest for the Orb.
     0 | D:1      | Reached XP level 1. HP: 19/19 MP: 3/3
   440 | D:1      | Reached skill level 1 in Stealth
   443 | D:1      | Reached XP level 2. HP: 18/26 MP: 5/5
   814 | D:1      | Learned a level 2 spell: Blink
   817 | D:1      | Learned a level 2 spell: Shroud of Golubria
   827 | D:1      | Reached skill level 1 in Armour
  1076 | D:2      | Reached XP level 3. HP: 26/32 MP: 3/6
  1254 | D:2      | Noticed Robin
  1533 | D:2      | Found a hazy altar of Hepliaklqana.
  1542 | D:2      | Reached XP level 4. HP: 28/39 MP: 7/7
  1748 | D:2      | Mangled by Robin

Skill      XL: |  1  2  3 |
---------------+----------+-----
Stealth        | 1 2 3 |  3.5
Armour         | 1 |  1.6
Fighting       | |  2.2
Polearms       | |  2.2
Throwing       | |  0.8
Dodging        | |  1.9
Spellcasting   | |  2.1
Translocations | |  3.1

Action                   |  1- 3 |  4- 6 || total
-------------------------+-------+-------++-------
Melee: Dagger            |   103 |    22 ||   125
Throw: Tomahawk          |     8 |       ||     8
 Cast: Shroud of Golubri |     6 |       ||     6
 Abil: Spit Poison       |       |     2 ||     2
  Use: Scroll            |     2 |       ||     2
       Potion            |       |     3 ||     3
 Stab: Sleeping          |     1 |       ||     1
  Eat: Chunk             |     1 |     1 ||     2
Armor: Leather armour    |    12 |       ||    12
       Robe              |    10 |     1 ||    11
Dodge: Dodged            |    41 |    10 ||    51
Block: Other             |    10 |     4 ||    14
